 Dungeon Crawl Stone Soup version 0.22-a0-246-gdc04c06 (webtiles) character file.

16630 KristoblXynda the Grappler (level 12, 0/94 HPs)
             Began as a Pale Draconian Monk on Feb 22, 2018.
             Was an Elder of Yredelemnul.
             Slain by a white ugly thing (22 damage)
             ... on level 9 of the Dungeon.
             The game lasted 00:25:12 (11180 turns).

KristoblXynda the Grappler (Pale Draconian Monk)   Turns: 11180, Time: 00:25:13

Health: 0/94       AC: 12    Str: 15    XL:     12   Next: 11%
Magic:  21/21      EV: 18    Int: 14    God:    Yredelemnul [****..]
Gold:   619        SH:  5    Dex: 14    Spells: 11/11 levels left

rFire    . . .     SeeInvis .     - Unarmed
rCold    . . .     Gourm    .   (no shield)
rNeg     . . .     Faith    .   (armour unavailable)
rPois    .         Spirit   .   (helmet restricted)
rElec    .         Reflect  +   (no cloak)
rCorr    .         Harm     .   z - +2 pair of gloves
MR       +....                  o - +0 pair of boots
Stlth    +++.......             j - +5 amulet of reflection
HPRegen  0.25/turn              h - +1 ring of slaying
MPRegen  0.17/turn              w - ring of stealth

@: slowed, very slow
A: breathe steam, unfitting armour, horns 1, high mp 1, magic resistance 1,
cold-blooded, MP-powered wands, AC +8
a: Breathe Steam, Recall Undead Slaves, Injury Mirror, Animate Dead, Drain Life,
Renounce Religion


You were on level 9 of the Dungeon.
You worshipped Yredelemnul.
Yredelemnul was greatly pleased with you.
You were not hungry.

You visited 2 branches of the dungeon, and saw 10 of its levels.
You also visited: Sewer.

You collected 619 gold pieces.

Inventory:

Missiles
 m - a throwing net (quivered)
Armour
 o - a +0 pair of boots (worn)
 z - a +2 pair of gloves (worn)
Jewellery
 g - an uncursed amulet of rage
 h - a +1 ring of slaying (left hand)
 j - a +5 amulet of reflection (around neck)
 w - a ring of stealth (right hand)
 x - an uncursed amulet of guardian spirit
Wands
 c - a wand of scattershot (3)
 e - a wand of paralysis (35)
 n - a wand of iceblast (8)
Scrolls
 d - 4 scrolls of remove curse
 p - a scroll of fog
 t - 3 scrolls of teleportation
 u - 2 scrolls of amnesia
 y - a scroll of fear
Potions
 b - 6 potions of curing
 i - a potion of mutation
 k - 2 potions of magic
 l - 2 potions of might
 q - a potion of ambrosia
 r - a potion of agility {unknown}
 s - a potion of brilliance {unknown}
 v - a potion of heal wounds
Miscellaneous
 A - a crystal ball of energy
Comestibles
 a - 6 rations
 f - 6 chunks of flesh


   Skills:
 + Level 5.1 Fighting
 + Level 9.8 Dodging
 + Level 1.8 Stealth
 - Level 12.0 Unarmed Combat
 - Level 10.2 Invocations
 + Level 8.1 Evocations


You had 11 spell levels left.
You didn't know any spells.

Dungeon Overview and Level Annotations

Branches:
Dungeon (9/15)             Temple (1/1) D:4            Lair (0/6) D:8
    Orc (0/2) D:9

Altars:
Ashenzari
Cheibriados
Dithmenos
Elyvilon
Fedhas
Gozag
Hepliaklqana
Kikubaaqudgha
Makhleb
Nemelex Xobeh
Okawaru
Qazlal
Ru
Sif Muna
Trog
Uskayaw
Vehumet
Wu Jian
Xom
Yredelemnul
Zin
The Shining One
Lugonu

Shops:
D:9 (


Innate Abilities, Weirdness & Mutations

You can breathe blasts of scalding, opaque steam.
Your pale cyan-grey scales are hard. (AC +8)
You cannot fit into any form of body armour.
You are cold-blooded and may be slowed by cold attacks.
You have a pair of small horns on your head.
You have an increased reservoir of magic. (+10% MP)
You are resistant to hostile enchantments. (MR+)
You expend magic power (3 MP) to strengthen your wands.


Message History

The white ugly thing is heavily wounded.
The white ugly thing is engulfed in a cloud of scalding steam.
The white ugly thing trunk-slaps you! The white ugly thing freezes you!
You feel yourself slow down.
You hit the white ugly thing. You headbutt the white ugly thing.
The white ugly thing is severely wounded.
The white ugly thing is engulfed in a cloud of scalding steam.
The white ugly thing misses you.
You hit the white ugly thing. You tail-slap the white ugly thing.
The white ugly thing is almost dead.
You feel yourself speed up. The white ugly thing misses you.
You hit the white ugly thing.
The white ugly thing is almost dead.
You have got your breath back.
The white ugly thing trunk-slaps you!
* * * LOW HITPOINT WARNING * * *
The white ugly thing freezes you!!
You feel yourself slow down.
You die...
Your body rises from the dead as a mindless zombie.

#.....#......[..............#
#...#.#......##.............#
#...#.#......##.............#
#..##.#.....................#
#..##.######....#....######.##
##..##.....................#..##
##..###.............##......#....
#...##..............##......#....
.....#....Z.Z.ZW@u..........#....
........#.........#....#....#....
>.......#.........#............##
#.#..##.#.........#......##....#
._..###.#.........#......##....#
#.### #.........#|...........#
.># ######....######....#..# ###
....... .......# ###.....
........#


You could see a white ugly thing, a friendly wraith, a friendly jackal zombie, a
friendly centaur zombie and a friendly two-headed ogre skeleton.

Vanquished Creatures
  3 two-headed ogres
  7 death yaks (D:8)
  A wizard (D:9)
  Joseph (D:7)
  A centaur skeleton (D:7)
  A troll (D:9)
  2 hippogriffs
  The ghost of varam the Conjurer, an amateur GrFE (D:5)
  6 yaks (D:9)
  A hungry ghost (D:9)
  3 sky beasts
  An orc warrior (D:9)
  2 ice beasts (D:8)
  A necrophage (D:8)
  7 ogres
  2 phantoms
  6 centaurs
  A big kobold (D:9)
  A wyvern zombie (D:7)
  A bullfrog (D:7)
  A troll zombie (D:9)
  4 scorpions
  16 killer bees
  A howler monkey (D:5)
  A vampire bat (D:4)
  4 wights (D:6)
  2 crimson imps
  6 hounds
  A quasit (D:7)
  6 jellies
  4 orc priests
  6 orc wizards
  2 iguanas
  10 worker ants
  A killer bee zombie (D:9)
  2 ogre zombies (D:9)
  A hound skeleton (D:9)
  A gnoll (D:1)
  11 adders
  A shadow imp (D:8)
  6 oozes
  3 adder skeletons
  5 worms
  3 dart slugs
  2 leopard geckos
  29 orcs
  5 ball pythons
  12 bats
  3 bat skeletons (D:4)
  3 bat zombies (D:4)
  A giant cockroach (D:3)
  23 goblins
  7 hobgoblins
  25 jackals
  18 kobolds
  3 quokkas
  9 frilled lizards
  A goblin zombie (D:9)
  A hobgoblin skeleton (D:9)
  2 hobgoblin zombies (D:9)
  A leopard gecko zombie (D:8)
  2 orc skeletons (D:9)
  8 orc zombies (D:9)
  A quokka skeleton (D:5)
  14 rats
  2 plants (Sewer)
319 creatures vanquished.

Vanquished Creatures (collateral kills)
  2 two-headed ogres
  A centaur warrior (D:9)
  A death yak (D:8)
  A troll (D:9)
  A vampire (D:9)
  A hungry ghost (D:9)
  An orc warrior (D:7)
  An eye of draining (D:8)
  An ice beast (D:7)
  A necrophage (D:9)
  A bullfrog (D:7)
  A scorpion (D:9)
  2 hounds
  2 orc priests
  2 bullfrog skeletons
  A worker ant (D:8)
  An iguana (D:8)
  A killer bee zombie (D:7)
  2 ogre zombies (D:9)
  A worker ant zombie (D:9)
  A kobold (D:9)
  5 orc zombies (D:9)
31 creatures vanquished.

Vanquished Creatures (others)
  A death yak (D:8)
  7 flying skulls (D:8)
  2 yak zombies (D:9)
  4 killer bee zombies
  A mummy (D:9)
  A scorpion zombie (D:9)
  An iguana zombie (D:8)
  An orc zombie (D:9)
  3 kobold zombies (D:9)
  2 plants (Sewer)
23 creatures vanquished.

Grand Total: 373 creatures vanquished

Notes
Turn   | Place    | Note
-------+----------+-------------------------------------------
     0 | D:1      | KristoblXynda the Draconian Monk began the quest for the Orb.
     0 | D:1      | Reached XP level 1. HP: 19/19 MP: 1/1
   179 | D:1      | Reached XP level 2. HP: 24/26 MP: 2/2
   594 | D:1      | Reached XP level 3. HP: 24/31 MP: 3/3
   872 | D:1      | Reached skill level 4 in Unarmed Combat
  1197 | D:2      | Reached XP level 4. HP: 37/38 MP: 4/4
  1343 | D:2      | Found a faded altar of an unknown god.
  1595 | D:2      | Found an ornate altar of the Wu Jian Council.
  1789 | D:2      | Found an opulent altar of Gozag.
  1876 | D:2      | Found an iron altar of Okawaru.
  1966 | D:3      | Found a bloodstained altar of Trog.
  2150 | D:3      | Reached skill level 5 in Unarmed Combat
  2198 | D:3      | Noticed a sky beast
  2217 | D:3      | Killed a sky beast
  2217 | D:3      | Reached XP level 5. HP: 32/45 MP: 5/5
  2405 | D:3      | Found a glowing drain.
  2429 | Sewer    | Entered a sewer
  2628 | Sewer    | Reached XP level 6. HP: 51/51 MP: 6/6
  3655 | D:4      | Found a basalt altar of Yredelemnul.
  3751 | D:4      | Reached skill level 6 in Unarmed Combat
  3763 | D:4      | Found an ancient bone altar of Kikubaaqudgha.
  3815 | D:4      | Became a worshipper of Yredelemnul the Dark
  3815 | D:4      | Reached * piety under Yredelemnul
  3815 | D:4      | Reached ** piety under Yredelemnul
  3902 | D:4      | Found a staircase to the Ecumenical Temple.
  3932 | Temple   | Entered the Ecumenical Temple
  4105 | D:4      | Reached skill level 1 in Invocations
  4105 | D:4      | Your scales start taking on a pale cyan-grey colour.
  4105 | D:4      | Reached XP level 7. HP: 26/57 MP: 7/7
  4232 | D:4      | Reached skill level 7 in Unarmed Combat
  4549 | D:5      | Entered Level 5 of the Dungeon
  4549 | D:5      | Noticed varam's ghost (amateur GrFE)
  4575 | D:5      | Reached skill level 5 in Dodging
  4705 | D:5      | Killed varam's ghost
  4762 | D:5      | Reached XP level 8. HP: 41/63 MP: 10/10
  4928 | D:5      | Gained mutation: You have an increased reservoir of magic. (+10% MP) [potion of mutation]
  4928 | D:5      | Gained mutation: Your body sometimes deteriorates upon taking damage. [potion of mutation]
  4928 | D:5      | Gained mutation: Your natural rate of healing is unusually fast. [potion of mutation]
  4928 | D:5      | Gained mutation: Your muscles are strong. (Str +2) [potion of mutation]
  5009 | D:5      | Found a hazy altar of Hepliaklqana.
  5024 | D:5      | Reached skill level 8 in Unarmed Combat
  5508 | D:6      | Reached *** piety under Yredelemnul
  5651 | D:6      | Found a shadowy altar of Dithmenos.
  5792 | D:6      | Lost mutation: Your body sometimes deteriorates upon taking damage. [potion of mutation]
  5792 | D:6      | Lost mutation: Your natural rate of healing is unusually fast. [potion of mutation]
  5792 | D:6      | Lost mutation: Your muscles are strong. (Str +2) [potion of mutation]
  5792 | D:6      | Gained mutation: You are resistant to hostile enchantments. (MR+) [potion of mutation]
  5792 | D:6      | Gained mutation: You have a pair of small horns on your head. [potion of mutation]
  5792 | D:6      | Gained mutation: You evolve. [potion of mutation]
  6263 | D:6      | Reached skill level 9 in Unarmed Combat
  6493 | D:7      | Noticed Joseph
  6563 | D:7      | Reached skill level 5 in Invocations
  6563 | D:7      | Reached XP level 9. HP: 30/70 MP: 14/14
  6680 | D:7      | Killed Joseph
  6680 | D:7      | Reached skill level 10 in Unarmed Combat
  7115 | D:7      | Reached skill level 1 in Evocations
  7116 | D:7      | Reached **** piety under Yredelemnul
  7188 | D:7      | Gained mutation: You expend magic power (3 MP) to strengthen your wands. [evolution]
  7188 | D:7      | Lost mutation: You evolve. [end of evolution]
  7345 | D:7      | Found a stormy altar of Qazlal.
  7546 | D:8      | Found a snail-covered altar of Cheibriados.
  7558 | D:8      | Reached XP level 10. HP: 69/77 MP: 16/16
  7573 | D:8      | Received a gift from Yredelemnul (4 flying skulls)
  7754 | D:8      | Noticed a two-headed ogre
  7761 | D:8      | Killed a two-headed ogre
  7904 | D:8      | Found a staircase to the Lair.
  7904 | D:8      | Noticed a death yak
  7907 | D:8      | Noticed a death yak
  7908 | D:8      | Noticed a death yak
  7908 | D:8      | Noticed a death yak
  7908 | D:8      | Noticed a death yak
  7911 | D:8      | Noticed a death yak
  7913 | D:8      | Noticed a death yak
  7914 | D:8      | Noticed a death yak
  7917 | D:8      | Killed a death yak
  7917 | D:8      | Reached skill level 11 in Unarmed Combat
  7918 | D:8      | Noticed a death yak
  7919 | D:8      | Killed a death yak
  8282 | D:8      | Killed a death yak
  8282 | D:8      | Received a gift from Yredelemnul (3 flying skulls)
  8298 | D:8      | Killed a death yak
  8478 | D:8      | Reached skill level 5 in Evocations
  8755 | D:8      | Killed a death yak
  8755 | D:8      | Reached XP level 11. HP: 82/82 MP: 17/19
  8765 | D:8      | Killed a death yak
  8769 | D:8      | Killed a death yak
  8773 | D:8      | Killed a death yak
  8780 | D:8      | Killed a death yak
  9084 | D:8      | Noticed a two-headed ogre
  9093 | D:8      | Killed a two-headed ogre
  9825 | D:9      | Reached skill level 12 in Unarmed Combat
 10075 | D:9      | Noticed a two-headed ogre
 10079 | D:9      | Received a gift from Yredelemnul (a wraith)
 10083 | D:9      | Killed a two-headed ogre
 10112 | D:9      | Noticed a centaur warrior
 10125 | D:9      | HP: 3/83 [centaur warrior/arrow (19)]
 10131 | D:9      | Killed a centaur warrior
 10364 | D:9      | Found a burning altar of Makhleb.
 10369 | D:9      | Found a glowing silver altar of Zin.
 10369 | D:9      | Noticed a green death
 10369 | D:9      | Noticed an angel
 10381 | D:9      | Noticed a two-headed ogre
 10395 | D:9      | Killed a two-headed ogre
 10510 | D:9      | Found a staircase to the Orcish Mines.
 10521 | D:9      | Received a gift from Yredelemnul (a mummy)
 10606 | D:9      | Got an uncursed crude trident {drain}
 10609 | D:9      | Identified the +4 trident of Seisozua {drain, rF- MR+ Int+4} (You took it off a centaur on level 9 of the Dungeon)
 10610 | D:9      | Noticed a two-headed ogre
 10617 | D:9      | Killed a two-headed ogre
 10617 | D:9      | Reached skill level 10 in Invocations
 10617 | D:9      | Reached XP level 12. HP: 60/92 MP: 19/21
 10655 | D:9      | Identified Cieh's Disquisition on Assistive Execration
 10682 | D:9      | Received a gift from Yredelemnul (a wraith)
 10929 | D:9      | Identified Zigiank's Collected Works on the Oath and Transformation
 10971 | D:9      | Reached skill level 5 in Fighting
 10978 | D:9      | Found Xuizir's Weapon Emporium.
 11146 | D:9      | Found a shattered altar of Ashenzari.
 11180 | D:9      | Slain by a white ugly thing

Vault maps used:
D:1:      dpeg_arrival_court
D:2:      marbit_many_paths, lemuel_coloured_pillars_altar, first_ration,
          chequers_ecumenical_altar_simple_redux, grunt_gozag_breadcrumbs
D:3:      bloody_trog, cheibrodos_sewer_entry_drain
D:4:      kennysheep_vampire_church, old_standard_altar,
          minmay_temple_entry_mist, glass_columns_b
D:5:      old_standard_altar
D:6:      grunt_dithmenos_smoke_and_mirrors, kennysheep_doodads,
          serial_bayou_crossing
D:7:      nicolae_qazlal_style_of_elements, uniq_joseph
D:8:      cheibriados_altar_1, dpeg_lair_monsters,
          hangedman_little_slice_of_home
D:9:      minmay_cut_squares, grunt_temple_overflow_order_and_chaos_2,
          lemuel_crystal_altar, zombieorc1_lemuel, serial_shops,
          nicolae_shop_window_shopping, minivault_20
Temple:   corrupted_temple
Sewer:    sewer_co_scattered_pipes

Skill      XL: |  1  2  3  4  5  6  7  8  9 10 11 12 |
---------------+-------------------------------------+-----
Dodging        | 3 4 5 6 7 8 9 |  9.8
Unarmed Combat | 4 5 6 7 9 10 11 12 | 12.0
Invocations    | 1 3 5 6 8 10 | 10.2
Evocations     | 2 5 7 8 |  8.1
Fighting       | 4 5 |  5.1
Stealth        | |  1.8

Action                   |  1- 3 |  4- 6 |  7- 9 | 10-12 || total
-------------------------+-------+-------+-------+-------++-------
Melee: Unarmed           |    70 |   214 |   278 |   332 ||   894
       Tailslap          |    12 |    67 |    41 |    35 ||   155
       Punch             |     4 |    15 |    10 |    16 ||    45
       Dagger            |    19 |   349 |       |       ||   368
       Headbutt          |       |       |    29 |    57 ||    86
Invok: Animate Dead      |       |       |    10 |    21 ||    31
 Abil: Breathe Steam     |       |       |    17 |    13 ||    30
Evoke: Wand              |       |       |       |     4 ||     4
  Use: Scroll            |       |    11 |     9 |     2 ||    22
       Potion            |       |       |     6 |     5 ||    11
 Stab: Sleeping          |     4 |     6 |    10 |     1 ||    21
       Distracted        |       |       |       |     3 ||     3
       Paralysed         |       |       |       |     1 ||     1
  Eat: Chunk             |     1 |     7 |     6 |     9 ||    23
       Ration            |       |     1 |     3 |     3 ||     7
Armor: Skin              |    31 |   166 |    63 |    64 ||   324
Dodge: Dodged            |    64 |   301 |   201 |   228 ||   794
Block: Other             |       |       |    33 |    49 ||    82
       Reflection        |       |       |       |     5 ||     5

Table legend:
 A = Spawn XP
 B = Non-spawn XP
 C = Spawn XP percentage of total XP
 D = Spawn monster count
 E = Non-spawn monster count
 F = Spawn count percentage of total count
 G = Total turns spent on level
                    A         B        C        D         E        F      G
               +---------+---------+-------+---------+---------+-------+---------
         Total |       0 |   23758 |   0.0 |       0 |     349 |   0.0 | 11180
               +---------+---------+-------+---------+---------+-------+---------
           D:1 |       0 |      62 |   0.0 |       0 |      29 |   0.0 |  1073
           D:2 |       0 |      92 |   0.0 |       0 |      32 |   0.0 |   893
           D:3 |       0 |     210 |   0.0 |       0 |      33 |   0.0 |   650
           D:4 |       0 |     614 |   0.0 |       0 |      24 |   0.0 |   862
           D:5 |       0 |     725 |   0.0 |       0 |      27 |   0.0 |   945
           D:6 |       0 |     643 |   0.0 |       0 |      16 |   0.0 |   999
           D:7 |       0 |    2851 |   0.0 |       0 |      37 |   0.0 |   957
           D:8 |       0 |   10925 |   0.0 |       0 |      59 |   0.0 |  2369
           D:9 |       0 |    7569 |   0.0 |       0 |      72 |   0.0 |  1361
         Sewer |       0 |      67 |   0.0 |       0 |      20 |   0.0 |  1029
               +---------+---------+-------+---------+---------+-------+---------
